 Dungeon Crawl Stone Soup version 0.24-a0-222-g1ac5efaa63 (webtiles) character file.

Game seed: 10775287297208227118

14 Redear the Shield-Bearer (level 2, -1/21 HPs)
             Began as an Octopode Fighter on Mar 31, 2019.
             Slain by a kobold (4 damage)
             ... on level 1 of the Dungeon.
             The game lasted 00:01:02 (125 turns).

Redear the Shield-Bearer (Octopode Fighter)          Turns: 125, Time: 00:01:02

Health: -1/21      AC:  1    Str: 15    XL:     2   Next: 45%
Magic:  2/2        EV: 11    Int: 10    God:
Gold:   32         SH:  8    Dex: 11    Spells: 1/1 levels left

rFire    . . .     SeeInvis .   a - +0 long sword
rCold    . . .     Gourm    .   b - +0 shield
rNeg     . . .     Faith    .   (helmet restricted)
rPois    .         Spirit   .   (no amulet)
rElec    .         Reflect  .   (no ring)
rCorr    .         Harm     .   (no ring)
MR       .....                  (no ring)
Stlth    +++.......             (no ring)
HPRegen  0.07/turn              (no ring)
MPRegen  0.08/turn              (no ring)
                                (no ring)
                                (no ring)

@: no status effects
A: almost no armour, stealthy swim, amphibious, 8 rings, constrict 8, camouflage
1, gelatinous body 1
a: no special abilities


You were on level 1 of the Dungeon.
You were not hungry.

You visited 1 branch of the dungeon, and saw 1 of its levels.

You collected 32 gold pieces.

Inventory:

Hand Weapons
 a - a +0 long sword (weapon)
Missiles
 e - 12 poisoned needles
 Q - 20 stones (quivered)
Armour
 b - a +0 shield (worn)
Potions
 c - a potion of might
 f - 2 potions of mutation {unknown}
Comestibles
 d - a ration


   Skills:
 + Level 3.1 Fighting
 + Level 2.2 Long Blades
 + Level 3.1 Dodging
 + Level 1.1 Stealth
 + Level 3.1 Shields


You had one spell level left.
You didn't know any spells.
Your spell library was empty.

Dungeon Overview and Level Annotations

Branches:
Dungeon (1/15)

Altars:


Innate Abilities, Weirdness & Mutations

You cannot wear most types of armour.
You are very stealthy in the water. (Stealth+)
You are amphibious.
You can wear up to eight rings at the same time.
You can use your tentacles to constrict eight enemies at once.
Your skin changes colour to match your surroundings (Stealth+).
Your rubbery body absorbs attacks. (AC +1, EV +1)


Message History

You are too injured to fight recklessly!
You are too injured to fight recklessly!
You are too injured to fight recklessly!
You are too injured to fight recklessly!
You are too injured to fight recklessly!
You are too injured to fight recklessly!
Unknown command.
You release your grip on the kobold.
The kobold barely misses you.
Unknown command.
You hit the goblin. The goblin hits you.
* * * LOW HITPOINT WARNING * * *
You take 3 damage, and have 9/21 hp.
You slash the goblin!
You kill the goblin!
You closely miss the kobold. The kobold hits you.
* * * LOW HITPOINT WARNING * * *
The kobold hits you.
* * * LOW HITPOINT WARNING * * *
You barely miss the kobold. The kobold hits you.
You die...

#........ ........#
..........# ...........#
...$.......#
...............#
...............#########
...............K@.......
..............)#########
.....##.#...>..#
.....#....(....#
...........###†#
..†.........##...
.##..(......##....
.....##.............
..##.##.............


You could see a kobold.

Levels and vault maps discovered:
D:1:      giann_forest_graveyard, layout_rooms

Notes
Turn   | Place    | Note
-------+----------+-------------------------------------------
     0 | D:1      | Redear the Octopode Fighter began the quest for the Orb.
     0 | D:1      | Reached XP level 1. HP: 16/16 MP: 1/1
    41 | D:1      | Identified a +0 club
    49 | D:1      | Reached XP level 2. HP: 15/21 MP: 2/2
    52 | D:1      | Reached skill level 1 in Stealth
   102 | D:1      | Identified a +0 dagger
   124 | D:1      | HP: 2/21 [kobold (4)]
   125 | D:1      | Slain by a kobold

Table legend:
 A = Turns spent in this place as a percentage of turns spent in the entire game.
 B = Non-inter-level travel turns spent in this place as a percentage of non-inter-level travel turns spent in the entire game.
 C = Inter-level travel turns spent in this place as a percentage of turns spent in this place.
 D = Turns resting spent in this place as a percentage of non-inter-level travel turns spent in this place.
 E = Turns spent auto-exploring this place as a percentage of non-inter-level travel turns spent in this place.
 F = Non-inter-level travel turns spent in this place divided by the number of levels of this place that you've seen.
                   A       B       C       D       E      F
               +-------+-------+-------+-------+-------+----------------------
         Total | 100.0 | 100.0 |   0.0 |   0.0 |  49.6 | 125.0
       Dungeon | 100.0 | 100.0 |   0.0 |   0.0 |  49.6 | 125.0
               +-------+-------+-------+-------+-------+----------------------

Table legend:
 A = Kills in this place as a percentage of kills in entire the game.
 B = Kills by you in this place as a percentage of kills by you in the entire game.
 C = Kills by friends in this place as a percentage of kills by friends in the entire game.
 D = Other kills in this place as a percentage of other kills in the entire game.
 E = Experience gained in this place as a percentage of experience gained in the entire game.
 F = Experience gained in this place divided by the number of levels of this place that you have seen.
                   A       B       C       D       E      F
               +-------+-------+-------+-------+-------+----------------------
         Total | 100.0 | 100.0 |   N/A |   N/A | 100.0 |  21.0
       Dungeon | 100.0 | 100.0 |   N/A |   N/A | 100.0 |  21.0
               +-------+-------+-------+-------+-------+----------------------

Skill      XL: |  1  2 |
---------------+-------+-----
Stealth        | 1 |  1.1
Fighting       | |  3.1
Long Blades    | |  2.2
Dodging        | |  3.1
Shields        | |  3.1

Action                   || total
-------------------------++-------
Melee: Long sword        ||    22
       Constrict         ||     6
       Tentacles         ||     1
 Stab: Sleeping          ||     2
Armor: Skin              ||     3
Dodge: Dodged            ||     7
Block: Shield            ||     5
       Rpst.: Long sword ||     3

Vanquished Creatures
  A dart slug (D:1)
  2 goblins (D:1)
  2 hobgoblins (D:1)
  2 kobolds (D:1)
  2 bats (D:1)
  3 rats (D:1)
12 creatures vanquished.
